 Dungeon Crawl Stone Soup version 0.28-b1-25-g9875b3fc8c (webtiles) character file.

Game seed: 10081501036344304752

19 sanka the Magician (level 2, 0/16 HPs)
             Began as a Deep Elf Transmuter on Feb 8, 2022.
             Succumbed to a kobold's poison
             ... on level 3 of the Dungeon.
             The game lasted 00:01:28 (1252 turns).

sanka the Magician (Deep Elf Transmuter)            Turns: 1252, Time: 00:01:28

Health: 0/16       AC:  2    Str:  7    XL:     2   Next: 55%
Magic:  8/9        EV: 12    Int: 17    God:
Gold:   21         SH:  0    Dex: 15    Spells: 5/9 levels left

rFire   . . .      SeeInvis .     - Unarmed
rCold   . . .      Faith    .   (no shield)
rNeg    . . .      Spirit   .   a - +0 robe
rPois   .          Reflect  .   (helmet currently unavailable)
rElec   .          Harm     .   (no cloak)
rCorr   .          Rampage  .   (no gloves)
Will    .....                   (boots currently unavailable)
Stlth   +.........              (no amulet)
HPRegen 0.05/turn               (no ring)
MPRegen 0.11/turn               (no ring)

@: lethally poisoned (0 -> -7), appendages (expiring)
A: horns 2, talons 2
a: End Transformation


You were on level 3 of the Dungeon.
You had temporarily grown beastly horns and talons.
You visited 1 branch of the dungeon, and saw 4 of its levels.

You collected 21 gold pieces.

Inventory:

Armour
 a - a +0 robe (worn)
Scrolls
 b - a scroll of identify {unknown}
Potions
 c - a potion of flight {unknown}
 d - a potion of ambrosia {unknown}


   Skills:
 - Level 0.7 Fighting
 - Level 2.4 Dodging
 - Level 2.4 Unarmed Combat
 - Level 4.1 Spellcasting
 * Level 1.2 Conjurations
 - Level 2.1 Transmutations


You had 5 spell levels left.
You knew the following spells:

 Your Spells              Type           Power      Damage    Failure   Level
a - Beastly Appendage     Tmut           20%        N/A       6%          1
b - Magic Dart            Conj           28%        1d4       10%         1
c - Searing Ray           Conj           14%        2d5       14%         2

Your spell library contained the following spells:

 Spells                   Type           Power      Damage    Failure   Level
 Wereblood                Tmut           10%        N/A       10%         2
 Spider Form              Tmut/Pois      7%         N/A       30%         3
 Ice Form                 Ice/Tmut       7%         N/A       69%         4
 Fulminant Prism          Conj/Hex       2%         3d6       77%         4


Dungeon Overview and Level Annotations

Branches:
Dungeon (4/15)
 Temple: D:4-7

Altars:
Elyvilon
Trog


Innate Abilities, Weirdness & Mutations

You have temporarily grown beastly horns and talons.


Message History

The jackal is severely wounded.
The jackal bites you. The jackal closely misses you.
You closely miss the jackal. You claw the jackal.
You kill the jackal!
You see here a jackal corpse.
You start resting.
Your horns disappear.
Your talons disappear.
Your magical contamination has completely faded away.
You start resting.
Magic restored.
You start resting.
HP restored.
Found a dyed leather armour.
d - a murky brown potion
Found a faded altar of an unknown god.
There is a faded altar of an unknown god here.
A kobold comes into view.
It is wielding a +0 whip and quivering poisoned darts.
You grow a pair of large bovine horns.
Your feet morph into talons.
The kobold shouts!
You fail to extend your transformation any further.
The kobold throws a poisoned dart.
The poisoned dart hits you!
You are poisoned.
A wyvern zombie comes into view.
Unknown command.
You feel sick.
You feel sick.
You feel sick.
You feel sick.
You feel sick.
The kobold throws a poisoned dart.
The poisoned dart hits you!
You are more poisoned.
Your transformation is almost over.
You feel sick.
The kobold throws a poisoned dart.
The poisoned dart hits you.
You are lethally poisoned!
You feel very sick.
There is an open door here.
* * * LOW HITPOINT WARNING * * *
You feel sick.
* * * LOW HITPOINT WARNING * * *
You feel sick.
You die...

# .# #....# ##P.♣♣..P♣♣ . .#
#..### #♣.♣....P♣ #. ##+## .#
#.[# ♣P..._... #.##...##.###..#
#♣.♣P...P♣ #Z#.....#......##
##P.♣♣b.P♣♣ ####.$......####.#.##
#..P.♣♣.♣♣P
.............###....###.≈≈P†....P
...'.....K...'..........≈≈.P♣♣♣..
####.......⌠...#@...###...### #..
##..........#.#.## ##### #..
##......_.##.### #.#
##...######.# #.# ##+## #.. ..#
### ###


You could see a kobold.

Vanquished Creatures
  A dart slug (D:1)
  2 endoplasms
  2 giant cockroaches (D:1)
  3 goblins
  2 jackals (D:3)
  A kobold (D:1)
  A quokka (D:1)
  A bat (D:2)
  A frilled lizard (D:2)
  A rat (D:1)
15 creatures vanquished.

Notes
Turn   | Place    | Note
-------+----------+-------------------------------------------
     0 | D:1      | sanka the Deep Elf Transmuter began the quest for the Orb.
     0 | D:1      | Reached XP level 1. HP: 11/11 MP: 6/6
   496 | D:1      | Reached skill level 4 in Spellcasting
   496 | D:1      | Reached XP level 2. HP: 8/16 MP: 7/9
   758 | D:1      | Learned a level 1 spell: Magic Dart
   761 | D:1      | Learned a level 2 spell: Searing Ray
   880 | D:2      | Found a bloodstained altar of Trog.
  1011 | D:2      | You fall into a shaft and drop 2 floors!
  1075 | D:3      | Reached skill level 1 in Conjurations
  1092 | D:3      | Found a white marble altar of Elyvilon.
  1228 | D:3      | Found a faded altar of an unknown god.
  1252 | D:3      | Succumbed to a kobold's poison

Illustrated notes

Levels and vault maps discovered:
D:1:      lemuel_arrival_tunnels, layout_basic
D:2:      minmay_diamond_boxcup, layout_basic, basic_altar
D:3:      layout_loops_corners, old_standard_altar,
          nicolae_elyvilon_peaceful_grove, ebering_ecumenical_altar_abandoned,
          wander_ebering_terrifying_dragon_lair
D:4:      black_bear_nest_2, layout_rooms, minmay_temple_entry_tees,
          portal_sewer_entry_a, uniq_duvessa

Skill      XL: |  1  2 |
---------------+-------+-----
Spellcasting   | 4 |  4.1
Conjurations   | 1 |  1.2
Fighting       | |  0.7
Dodging        | |  2.4
Unarmed Combat | |  2.4
Transmutations | |  2.1

Action                   || total
-------------------------++-------
Melee: Unarmed           ||    26
       Kick              ||     7
       Headbutt          ||     7
       Punch             ||     1
 Cast: Beastly Appendage ||     8
       Magic Dart        ||    12
 Stab: Sleeping          ||     1
Armor: Robe              ||     4
Dodge: Dodged            ||    14
